 Dungeon Crawl Stone Soup version 0.25.1-8-g42b30a86e7 (webtiles) character file.

Game seed: 11244943347217878599

1119 Clowwww the Chopper (level 8, -5/60 HPs)
             Began as a Demonspawn Fighter on Dec 12, 2020.
             Was an Initiate of Makhleb.
             Slain by a wraith (9 damage)
             ... led by a death knight
             ... on level 6 of the Dungeon.
             The game lasted 00:13:05 (6090 turns).

Clowwww the Chopper (Demonspawn Fighter)            Turns: 6090, Time: 00:13:06

Health: -5/60      AC: 11    Str: 24    XL:     8   Next: 12%
Magic:  8/8        EV: 11    Int: 10    God:    Makhleb [......]
Gold:   401        SH: 10    Dex: 13    Spells: 7/7 levels left

rFire    . . .     SeeInvis .   a - +2 war axe
rCold    . . .     Gourm    .   c - +0 kite shield
rNeg     . . .     Faith    .   b - +1 scale mail
rPois    .         Spirit   .   (no helmet)
rElec    .         Reflect  .   (no cloak)
rCorr    .         Harm     .   z - +2 pair of gloves
MR       .....                  (no boots)
Stlth    ..........             (no amulet)
HPRegen  0.20/turn              e - +6 ring of strength
MPRegen  0.11/turn              h - ring of attention (curse)

@: mighty
A: hooves 1, repulsion field 2, demonic guardian 1, powered by pain 1
a: Renounce Religion


You were on level 6 of the Dungeon.
You worshipped Makhleb.
Makhleb was noncommittal.
You were not hungry.

You visited 2 branches of the dungeon, and saw 8 of its levels.

You collected 401 gold pieces.

Inventory:

Hand Weapons
 a - a +2 war axe (weapon)
Missiles
 y - 9 boomerangs (quivered)
Armour
 b - a +1 scale mail (worn)
 c - a +0 kite shield (worn)
 z - a +2 pair of gloves (worn)
Jewellery
 e - a +6 ring of strength (left hand)
 h - a cursed ring of attention (right hand)
 m - an uncursed ring of poison resistance {unknown}
 n - an uncursed ring of flight {unknown}
 s - an uncursed ring of poison resistance {unknown}
Wands
 u - a wand of random effects (18)
Potions
 g - a potion of stabbing
 j - a potion of invisibility
 o - 2 potions of magic
 p - 3 potions of curing
 q - a potion of lignification
 w - a potion of brilliance
 x - a potion of cancellation
Comestibles
 f - 12 rations


   Skills:
 + Level 4.2 Fighting
 + Level 5.8 Axes
 + Level 4.7 Armour
 + Level 1.6 Dodging
 + Level 0.3 Stealth
 + Level 4.9 Shields


You had 7 spell levels left.
You didn't know any spells.
Your spell library was empty.

Dungeon Overview and Level Annotations

Branches:
Dungeon (7/15)             Temple (1/1) D:5

Altars:
Cheibriados
Dithmenos
Elyvilon
Fedhas
Gozag
Hepliaklqana
Makhleb
Nemelex Xobeh
Okawaru
Qazlal
Ru
Sif Muna
Trog
Uskayaw
Vehumet
Wu Jian
Xom
Yredelemnul
Zin
The Shining One


Innate Abilities, Weirdness & Mutations

You have large cloven feet.
You are surrounded by a moderate repulsion field. (EV +3)
A weak demonic guardian rushes to your aid.
You sometimes gain a little power by taking damage.


Message History

The freezing wraith hits you but does no damage.
The freezing wraith closely misses you. The wraith hits you!
You slash the wraith!
The wraith is heavily damaged.
You hit the freezing wraith but do no damage.
You block the freezing wraith's attack. The freezing wraith hits you.
The wraith hits you but does no damage. The freezing wraith hits you!
The freezing wraith freezes you!!
* * * LOW HITPOINT WARNING * * *
The freezing wraith hits you.
* * * LOW HITPOINT WARNING * * *
You hit the wraith but do no damage. Your kick misses the wraith.
The wraith is heavily damaged.
You barely miss the freezing wraith. The wraith misses you.
The freezing wraith hits you but does no damage.
The freezing wraith barely misses you.
You closely miss the wraith. You kick the wraith, but do no damage.
The wraith is heavily damaged.
You slash the freezing wraith! The wraith hits you!
You die...

......# #.............
####.######## #.############
#...........########.############
#.........#.#....................
#.#######..[....####.########....
............#..## #.# #.###
#.######....#..#####.#### #.#.#
#.# #....#...........# #.#.# #.#
#....#..W@.......# #.#.. #.#
#....#..W##.#.########'#'#
#.######....#............[.......
............#...##...######......
#.#####...................#......
..# ##.######.#######.##.#......
### #....................#......
# ########...#..#.#.####.#+#..
#############...##.#.#.####.#.###


You could see a freezing wraith and a wraith.

Vanquished Creatures
  An orc warrior (D:6)
  An ice beast (D:5)
  An ogre (D:4)
  A bullfrog (D:6)
  A big kobold (D:4)
  A scorpion (D:4)
  A water moccasin skeleton (D:4)
  A howler monkey (D:5)
  A centaur skeleton (D:4)
  2 hounds
  An orc priest (D:6)
  2 orc wizards
  A worker ant (D:5)
  2 howler monkey skeletons
  Robin (D:3)
  8 adders
  11 gnolls
  An ooze (D:2)
  An adder skeleton (D:4)
  3 worms
  A dart slug (D:1)
  A leopard gecko (D:3)
  13 orcs
  A ball python (D:2)
  3 giant cockroaches
  18 goblins
  10 hobgoblins
  6 jackals
  6 kobolds
  3 quokkas
  7 bats
  3 frilled lizards
  A leopard gecko skeleton (D:4)
  9 rats
124 creatures vanquished.

Vanquished Creatures (collateral kills)
  A gnoll sergeant (D:6)
  An iguana (D:4)
  A worker ant (D:4)
  2 gnolls (D:3)
  A leopard gecko (D:4)
  An orc (D:7)
  A giant cockroach (D:4)
  A quokka (D:7)
9 creatures vanquished.

Grand Total: 133 creatures vanquished

Notes
Turn   | Place    | Note
-------+----------+-------------------------------------------
     0 | D:1      | Clowwww the Demonspawn Fighter began the quest for the Orb.
     0 | D:1      | Reached XP level 1. HP: 18/18 MP: 1/1
   233 | D:1      | Gained mutation: You have large cloven feet. [demonic
                  | ancestry]
   233 | D:1      | Reached XP level 2. HP: 24/24 MP: 2/2
   347 | D:1      | Reached skill level 2 in Axes
   603 | D:2      | Found a faded altar of an unknown god.
   684 | D:2      | Found an opulent altar of Gozag.
   703 | D:2      | Gained mutation: You are surrounded by a mild repulsion
                  | field. (EV +2) [demonic ancestry]
   703 | D:2      | Reached XP level 3. HP: 21/29 MP: 3/3
   956 | D:2      | Reached XP level 4. HP: 27/35 MP: 4/4
  1477 | D:2      | Found a bloodstained altar of Trog.
  1478 | D:2      | Found a white marble altar of Elyvilon.
  1556 | D:2      | Reached skill level 3 in Axes
  1739 | D:3      | Noticed Robin
  1748 | D:3      | Killed Robin
  1773 | D:3      | Gained mutation: A weak demonic guardian rushes to your
                  | aid. [demonic ancestry]
  1773 | D:3      | Reached XP level 5. HP: 40/41 MP: 5/5
  1995 | D:3      | Found a sparkling altar of Nemelex Xobeh.
  2452 | D:3      | Reached skill level 4 in Axes
  2968 | D:4      | Reached XP level 6. HP: 40/47 MP: 6/6
  3436 | D:4      | Reached skill level 1 in Dodging
  3697 | D:4      | Gained mutation: You are surrounded by a moderate repulsion
                  | field. (EV +3) [demonic ancestry]
  3697 | D:4      | Reached XP level 7. HP: 53/53 MP: 7/7
  3714 | D:4      | Reached skill level 5 in Axes
  3912 | D:4      | Found a shimmering blue altar of Sif Muna.
  3943 | D:5      | Entered Level 5 of the Dungeon
  4517 | D:5      | Found a staircase to the Ecumenical Temple.
  4526 | Temple   | Entered the Ecumenical Temple
  4711 | Temple   | Became a worshipper of Makhleb the Destroyer
  5397 | D:6      | Gained mutation: You sometimes gain a little power by
                  | taking damage. [demonic ancestry]
  5397 | D:6      | Reached XP level 8. HP: 55/60 MP: 8/8
  5711 | D:7      | Noticed a freezing wraith
  5711 | D:7      | Noticed a skeletal warrior
  5790 | D:7      | HP: 3/60 [freezing wraith[a death knight] (8)]
  6088 | D:6      | HP: 3/60 [freezing wraith[a death knight] (6)]
  6090 | D:6      | Slain by a wraith

Illustrated notes

Levels and vault maps discovered:
D:1:      dpeg_arrival_lava_temple_mockup, layout_basic
D:2:      layout_basic, gammafunk_temple_overflow_pools,
          chequers_ecumenical_altar_simple_redux, grunt_gozag_breadcrumbs
D:3:      layout_basic, nemelex_xobeh_ov_fountains_minmay, nrook_loot_triangle,
          uniq_robin
D:4:      layout_basic, lemuel_blue_sif_altar, first_ration
D:5:      layout_cave_pools, minmay_temple_entry_antechambers, minmay_liquid_box
D:6:      layout_basic
D:7:      layout_loops_corners, kiku_gazebo_garden_becter, uniq_maggie,
          uniq_menkaure
Temple:   compressed_dpeg_circular_temple

Skill      XL: |  1  2  3  4  5  6  7 |
---------------+----------------------+-----
Armour         | 3 4 |  4.7
Axes           | 2 3 4 5 |  5.8
Shields        | 3 4 |  4.9
Dodging        | 1 |  1.6
Fighting       | 4 |  4.2
Stealth        | |  0.3

Action                   |  1- 3 |  4- 6 |  7- 9 || total
-------------------------+-------+-------+-------++-------
Melee: War axe           |    70 |   191 |   106 ||   367
       Kick              |    14 |    45 |    33 ||    92
Throw: Boomerang         |       |       |     2 ||     2
  Use: Scroll            |       |    14 |     3 ||    17
       Potion            |       |       |     1 ||     1
 Stab: Distracted        |       |       |     1 ||     1
  Eat: Chunk             |       |     9 |     6 ||    15
       Ration            |       |       |     1 ||     1
Armor: Scale mail        |    42 |    61 |    36 ||   139
Dodge: Dodged            |    28 |    79 |    48 ||   155
Block: Kite shield       |    46 |   117 |    57 ||   220
